 Dungeon Crawl Stone Soup version 0.29.0-15-g675c0067aa (webtiles) character file.

Game seed: 14140691589263403279

2472 raistware the Destroyer (level 9, -6/54 HPs)
             Began as an Octopode Conjurer on Sept 12, 2022.
             Was a Follower of Vehumet.
             Engulfed by a steam dragon's steam (8 damage)
             ... on level 8 of the Dungeon.
             The game lasted 00:17:30 (8020 turns).

raistware the Destroyer (Octopode Conjurer)         Turns: 8020, Time: 00:17:30

Health: -6/54      AC:  1    Str:  6    XL:     9   Next: 51%
Magic:  17/21      EV: 17    Int: 29    God:    Vehumet [*.....]
Gold:   109        SH:  0    Dex: 17    Spells: 19/24 levels left

rFire   . . .      SeeInvis .   K - +5 great sword "Arbiter" {drain, rPois rC+ Int+5}
rCold   + . .      Faith    .   (shield currently unavailable)
rNeg    . . .      Spirit   .   (helmet restricted)
rPois   +          Reflect  .   i - amulet of regeneration
rElec   .          Harm     .   j - +6 ring of dexterity
rCorr   .          Rampage  .   n - ring of willpower
Will    +....                   I - +4 ring of evasion
Stlth   +++.......              (no ring)
HPRegen 0.98/turn               (no ring)
MPRegen 0.17/turn               (no ring)
                                (no ring)
                                (no ring)

@: no status effects
A: almost no armour, amphibious, 8 rings, camouflage 1, gelatinous body 1,
(nimble swimmer 1), tentacles
a: Renounce Religion


You were on level 8 of the Dungeon.
You worshipped Vehumet.
Vehumet was aware of your devotion.
You visited 2 branches of the dungeon, and saw 9 of its levels.

You collected 374 gold pieces.
You spent 265 gold pieces at shops.

Inventory:

Hand Weapons
 C - the +7 staff of the Meek {protect, meekguard}
   (You found it on level 4 of the Dungeon)

   It grants its wielder temporary protection when it strikes (+7 to AC).
   It provides extra protection to wielders with little health.
 K - the +5 great sword "Arbiter" (weapon) {drain, rPois rC+ Int+5}
   (You found it on level 7 of the Dungeon)

   A truly terrible weapon, it drains the life of any living foe it strikes.
   Int:       It affects your intelligence (+5).
   rC:        It protects you from cold.
   rPois:     It protects you from poison.
Missiles
 L - 4 javelins
 N - 8 poisoned darts
 O - a curare-tipped dart
Armour
 t - an orb of guile
Magical Staves
 k - a staff of earth
 q - a staff of cold
Jewellery
 i - an amulet of regeneration (around mantle)
 j - a +6 ring of dexterity (left tentacle)
 n - a ring of willpower (right tentacle)
 p - an amulet of the acrobat
 I - a +4 ring of evasion (on tentacle)
Wands
 y - a wand of mindburst (26)
 E - a wand of flame (5)
 M - a wand of quicksilver (2)
Scrolls
 f - 4 scrolls of blinking
 h - 2 scrolls of poison
 u - 2 scrolls of fear
 v - a scroll of fog {unknown}
 w - 4 scrolls of teleportation
 x - a scroll of immolation {unknown}
 z - 3 scrolls of amnesia
 A - a scroll of vulnerability {unknown}
 B - 3 scrolls of enchant armour
 D - a scroll of magic mapping {unknown}
 G - 2 scrolls of noise {unknown}
Potions
 a - a potion of magic
 b - 5 potions of curing
 c - 2 potions of might {unknown}
 e - 2 potions of invisibility {unknown}
 g - 3 potions of mutation {unknown}
 l - 2 potions of lignification {unknown}
 m - a potion of heal wounds {unknown}
 o - a potion of ambrosia {unknown}
 r - 3 potions of brilliance
 s - 4 potions of flight
 F - a potion of attraction {unknown}
 H - 2 potions of degeneration {unknown}
 J - 2 potions of cancellation {unknown}


   Skills:
 - Level 2.0 Fighting
 - Level 2.0 Staves
 - Level 2.0 Dodging
 - Level 3.0 Stealth
 + Level 8.2 Spellcasting
 + Level 8.2 Conjurations
 - Level 2.0 Translocations
 - Level 2.0 Ice Magic
 - Level 2.0 Earth Magic
 - Level 2.0 Evocations


You had 19 spell levels left.
You knew the following spells:

 Your Spells              Type           Power      Damage    Failure   Level
a - Magic Dart            Conj           100%       1d8       1%          1
b - Iskenderun's Mystic   Conj/Tloc      41%        2d9       5%          4

Your spell library contained the following spells:

 Spells                   Type           Power      Damage    Failure   Level
 Freeze                   Ice            92%        1d10      1%          1
 Searing Ray              Conj           100%       2d8       1%          2
 Static Discharge         Conj/Air       35%        3-8/arc   1%          2
 Dazzling Flash           Conj/Hex       70%        N/A       2%          3
 Ensorcelled Hibernation  Hex/Ice        34%        N/A       4%          2
 Passwall                 Tmut/Erth      14%        N/A       4%          2
 Ozocubu's Armour         Ice            23%        N/A       6%          3
 Fulminant Prism          Conj/Hex       17%        3d11      9%          4
 Inner Flame              Hex/Fire       11%        N/A       14%         3
 Swiftness                Air            11%        N/A       14%         3
 Passage of Golubria      Tloc           23%        N/A       21%         4
 Lightning Bolt           Conj/Air       17%        1d32      22%         5
 Cause Fear               Hex            5%         N/A       41%         4
 Metabolic Englaciation   Hex/Ice        8%         N/A       63%         5
 Silence                  Hex/Air        5%         N/A       77%         5
 Simulacrum               Ice/Necr       8%         N/A       99%         6
 Discord                  Hex            5%         N/A       100%        8
 Lehudib's Crystal Spear  Conj/Erth      20%        10d6      100%        8
 Maxwell's Capacitive Co  Air            5%         ∞         100%        8


Dungeon Overview and Level Annotations

Branches:
Dungeon (8/15)             Temple (1/1) D:6
   Lair: D:8-11

Altars:
Ashenzari
Cheibriados
Dithmenos
Elyvilon
Fedhas
Gozag
Hepliaklqana
Makhleb
Nemelex Xobeh
Okawaru
Qazlal
Ru
Vehumet
Xom
Yredelemnul
Zin
The Shining One

Shops:
D:4 *   D:6 =   D:7 *


Innate Abilities, Weirdness & Mutations

You cannot wear most types of armour.
You are amphibious.
You can wear up to eight rings at the same time.
Your skin changes colour to match your surroundings (Stealth+).
Your rubbery body absorbs attacks. (AC +1, EV +1)
((You are camouflaged when in or above water. (Stealth+)))
You have tentacles for arms and can constrict up to eight enemies at once.


Message History

Found 3 stones.
f - 4 scrolls of blinking (gained 1)
l - 2 sedimented coppery potions (gained 1)
w - 4 scrolls of teleportation (gained 1)
Found a broken altar of Ashenzari.
You open the door.
There is an open door here.
Found an escape hatch in the floor.
You now have 109 gold pieces (gained 5).
Found a stone staircase leading up.
A steam dragon comes into view.
The magic dart hits the steam dragon.
The steam dragon is lightly wounded.
The steam dragon hisses angrily.
You start waiting.
A steam dragon is nearby!
The steam dragon breathes steam at you. The ball of steam hits you!!
You closely miss the steam dragon. You squeeze the steam dragon.
The steam dragon is lightly wounded.
You are engulfed in a cloud of scalding steam.
The steam dragon closely misses you. The steam dragon barely misses you.
You completely miss the steam dragon. Your squeeze misses the steam dragon.
The steam dragon is lightly wounded.
You are engulfed in a cloud of scalding steam.
* * * LOW HITPOINT WARNING * * *
The steam dragon bites you.
* * * LOW HITPOINT WARNING * * *
The steam dragon claws you.
* * * LOW HITPOINT WARNING * * *
The steam dragon closely misses you. x2
Casting: Magic Dart (safe; 1% risk of failure)
Confirm with . or Enter, or press ? or * to list all spells.
You erupt in a blast of force!
The mystic blast hits the steam dragon!
The steam dragon is moderately wounded.
The steam dragon is knocked back by the mystic blast.
The steam dragon slams into the rock wall!
The steam dragon is heavily wounded.
You are engulfed in a cloud of scalding steam.
You die...

###########
#.@.......#
#D#######.# #.#
#.#### #.# #.##.##
......###.#...##
#...............####
#.##########........
#. ##.###### #< #.#


You could see a steam dragon (catching breath).

Vanquished Creatures
  Grinder (D:5)
  Menkaure (D:7)
  2 water moccasins
  A sky beast (D:6)
  An orc warrior (D:8)
  2 black bears
  3 ogres
  A centaur (D:7)
  2 kobold brigands (D:7)
  4 scorpions
  4 crimson imps (D:3)
  2 jellies
  3 hounds
  6 orc priests
  Jessica (D:2)
  An iguana (D:5)
  5 orc wizards
  2 gnolls
  7 adders
  A white imp (D:6)
  2 ufetubi
  3 worms
  A dart slug (D:2)
  28 orcs
  9 endoplasms
  A giant cockroach (D:3)
  6 goblins
  7 hobgoblins
  2 jackals (D:3)
  3 quokkas
  6 ball pythons
  5 bats
  2 frilled lizards
  19 kobolds
  4 rats
148 creatures vanquished.

Vanquished Creatures (others)
  A demonic plant (D:1)
1 creature vanquished.

Grand Total: 149 creatures vanquished

Notes
Turn   | Place    | Note
-------+----------+-------------------------------------------
     0 | D:1      | raistware the Octopode Conjurer began the quest for the
                  | Orb.
     0 | D:1      | Reached XP level 1. HP: 11/11 MP: 3/3
   195 | D:1      | Reached XP level 2. HP: 17/17 MP: 3/5
   654 | D:1      | Found a faded altar of an unknown god.
   673 | D:1      | Reached XP level 3. HP: 20/21 MP: 4/7
  1921 | D:2      | Reached XP level 4. HP: 27/27 MP: 7/9
  1941 | D:2      | Noticed Jessica
  1944 | D:2      | Killed Jessica
  1945 | D:2      | Reached skill level 1 in Translocations
  2179 | D:2      | Learned a level 4 spell: Iskenderun's Mystic Blast
  2565 | D:3      | Reached XP level 5. HP: 31/31 MP: 8/11
  2657 | D:3      | Found a shimmering altar of Xom.
  3370 | D:3      | Reached XP level 6. HP: 36/36 MP: 0/12
  3488 | D:3      | Reached skill level 5 in Conjurations
  3846 | D:4      | Reached skill level 5 in Spellcasting
  4207 | D:4      | Found Emoamp's Assorted Antiques.
  4213 | D:4      | Bought 3 scrolls labelled VENYH SILOMOYG for 69 gold pieces
  4213 | D:4      | Bought a scroll labelled FAQUG ZUCAFEJ for 23 gold pieces
  4213 | D:4      | Bought a scroll labelled HINWAG MASEUQ for 23 gold pieces
  4213 | D:4      | Bought a scroll labelled WAJEL COSORPH for 23 gold pieces
  4213 | D:4      | Bought a scroll labelled KAINTU PABOUS for 23 gold pieces
  4312 | D:4      | Reached XP level 7. HP: 41/41 MP: 8/14
  4607 | D:4      | Found the +7 staff of the Meek {protect, meekguard}
  4616 | D:4      | Reached skill level 1 in Ice Magic
  4696 | D:5      | Entered Level 5 of the Dungeon
  5113 | D:5      | Noticed Grinder
  5131 | D:5      | Killed Grinder
  5132 | D:5      | Reached XP level 8. HP: 12/46 MP: 3/17
  5604 | D:5      | Found a basalt altar of Yredelemnul.
  6331 | D:6      | Found a blossoming altar of Fedhas.
  6345 | D:6      | Reached skill level 1 in Staves
  6483 | D:6      | Found a snail-covered altar of Cheibriados.
  6483 | D:6      | Found an opulent altar of Gozag.
  6488 | D:6      | Found a burning altar of Makhleb.
  6488 | D:6      | Found an iron altar of Okawaru.
  6619 | D:6      | Found a staircase to the Ecumenical Temple.
  6628 | Temple   | Entered the Ecumenical Temple
  6632 | Temple   | Became a worshipper of Vehumet
  6811 | D:6      | Found Disehu's Jewellery Emporium.
  6934 | D:7      | Identified the +5 great sword "Arbiter" {drain, rPois rC+
                  | Int+5}
  7056 | D:7      | Reached skill level 1 in Fighting
  7056 | D:7      | Reached XP level 9. HP: 53/53 MP: 14/20
  7191 | D:7      | Noticed Menkaure
  7196 | D:7      | Killed Menkaure
  7297 | D:7      | Reached skill level 1 in Earth Magic
  7343 | D:7      | Reached * piety under Vehumet
  7343 | D:7      | Offered knowledge of Freeze by Vehumet.
  7344 | D:7      | Reached skill level 1 in Evocations
  7550 | D:7      | Found Fovvyboj's General Store.
  7556 | D:7      | Bought a scroll of identify for 22 gold pieces
  7556 | D:7      | Bought a scroll of blinking for 82 gold pieces
  7872 | D:8      | Found a broken altar of Ashenzari.
  8019 | D:8      | HP: 2/54 [steam dragon (5)]
  8020 | D:8      | Engulfed by a steam dragon's steam

Illustrated notes

Levels and vault maps discovered:
D:1:      scummos_arrival_star, layout_loops_ring, shapermc_ecumenical_altar_gd,
          minmay_indecisive_spiral
D:2:      layout_basic, grunt_ministairs_11, roderic_lattice_a,
          minmay_curled_crystal, hex_medium, uniq_jessica
D:3:      minmay_inner_zag, layout_basic, led_xom_imps,
          chequers_hall_statues_wall_a, minmay_fractal_squares_5
D:4:      layout_rooms, serial_shops, nicolae_shop_advertising_works
          [nicolae_subvault_shop_adworks], pf_guarded_unrand_meek
D:5:      layout_layer_cave, mainiacjoe_overflow_boulevard, uniq_grinder
D:6:      layout_rooms, fedhas_altar_3, grunt_temple_overflow_open,
          minmay_temple_entry_grid, serial_shops, nicolae_shop_hallway_plus
D:7:      layout_rooms, serial_shops,
          nicolae_shop_temple_entry_statues_fountains, uniq_menkaure
D:8:      layout_loops_corners, evilmike_ruin_ashenzari, dpeg_oklobed_lair
Temple:   nicolae_temple_x_marks_the_god

Skill      XL: |  1  2  3  4  5  6  7  8  9 |
---------------+----------------------------+-----
Spellcasting   | 3 4 5 6 7 8 |  8.2
Translocations | 2 |  2.0
Stealth        | 3 |  3.0
Conjurations   | 5 6 7 8 |  8.2
Ice Magic      | 2 |  2.0
Staves         | 2 |  2.0
Fighting       | 1 2 |  2.0
Earth Magic    | 2 |  2.0
Evocations     | 2 |  2.0
Dodging        | |  2.0

Action                   |  1- 3 |  4- 6 |  7- 9 || total
-------------------------+-------+-------+-------++-------
Melee: Unarmed           |    17 |       |       ||    17
       Constrict         |     5 |     5 |     9 ||    19
       Staff             |       |    17 |     4 ||    21
       Tentacles         |       |     4 |    12 ||    16
       Great sword       |       |       |    35 ||    35
       Quarterstaff      |       |       |     1 ||     1
       Punch             |       |       |     1 ||     1
 Cast: Magic Dart        |    62 |   136 |   159 ||   357
       Iskenderun's Myst |       |       |    13 ||    13
Evoke: Wand              |       |       |     3 ||     3
  Use: Scroll            |       |       |     8 ||     8
 Stab: Sleeping          |       |     1 |     2 ||     3
Armor: Skin              |     6 |     3 |     5 ||    14
Dodge: Dodged            |     9 |    18 |    66 ||    93
